 Dungeon Crawl Stone Soup version 0.28-a0-1616-g050a50673c (console) character file.

Game seed: 8206682465219644792

6951 Melian the Cleaver (level 10, -5/156 HPs)
             Began as a Minotaur Berserker on Jan 22, 2022.
             Was an Elder of Trog.
             Killed from afar by an ice dragon (41 damage)
             ... with a blast of cold
             ... on level 9 of the Dungeon.
             The game lasted 00:34:39 (9185 turns).

Melian the Cleaver (Minotaur Berserker)             Turns: 9185, Time: 00:34:40

Health: -5/156     AC: 16    Str: 25    XL:     10   Next: 80%
Magic:  9/9        EV:  7    Int:  4    God:    Trog [****..]
Gold:   328        SH:  3    Dex: 11    Spells: 9/9 levels left

rFire   . . .      SeeInvis .   q - +2 war axe (vamp)
rCold   . . .      Faith    .   C - +0 buckler
rNeg    . . .      Spirit   .   B - +0 plate armour
rPois   .          Reflect  .   (helmet restricted)
rElec   .          Harm     .   s - +1 cloak
rCorr   .          Rampage  .   F - +2 pair of gloves {hurl}
Will    .....                   (no boots)
Stlth   ..........              a - amulet of the acrobat
HPRegen 0.36/turn               (no ring)
MPRegen 0.11/turn               (no ring)

@: berserking, studying Crossbows, very quick
A: horns 2, retaliatory headbutt
a: Renounce Religion, Berserk, Trog's Hand, Brothers in Arms


You were on level 9 of the Dungeon.
You worshipped Trog.
Trog was greatly pleased with you.
You visited 2 branches of the dungeon, and saw 10 of its levels.
You also visited: Sewer.

You collected 560 gold pieces.
You spent 232 gold pieces at shops.

Inventory:

Hand Weapons
 o - the +7 morningstar of Ambiguity {drain, rC+}
   (You found it on level 5 of the Dungeon)

   A truly terrible weapon, it drains the life of any living foe it strikes.
   rC:        It protects you from cold.
 q - a +2 vampiric war axe (weapon)
 G - a +1 hand axe of electrocution
Missiles
 i - 2 throwing nets (quivered)
 y - 2 silver javelins
Armour
 s - a +1 cloak (worn)
 B - a +0 plate armour (worn)
 C - a +0 buckler (worn)
 F - a +2 pair of gloves of hurling (worn)
Jewellery
 a - an amulet of the acrobat (around neck)
 r - a ring of see invisible
 D - a ring of protection from fire
Wands
 v - a wand of digging (4)
 z - a wand of mindburst (17)
 E - a wand of flame (24)
 H - a wand of acid (3)
Scrolls
 e - 2 scrolls of enchant armour
 f - 5 scrolls of teleportation
 h - a scroll of magic mapping
 l - 2 scrolls of immolation
 n - a scroll of blinking
 A - a scroll of enchant weapon
Potions
 b - 4 potions of curing
 c - 2 potions of attraction
 d - 2 potions of berserk rage
 g - 3 potions of lignification
 j - 2 potions of might
 k - 4 potions of flight
 m - a potion of haste {unknown}
 p - 2 potions of heal wounds
 t - a potion of brilliance {unknown}
 u - 2 potions of mutation
 w - a potion of degeneration
 x - a potion of ambrosia {unknown}
Miscellaneous
 I - a phial of floods


   Skills:
 + Level 14.3 Fighting
 + Level 14.3 Axes
 - Level 2.4 Armour
 - Level 2.1 Dodging


You had 9 spell levels left.
You didn't know any spells.
Your spell library was empty.

Dungeon Overview and Level Annotations

Branches:
Dungeon (9/15)             Temple (1/1) D:5           Sewer (visited)
   Lair: D:8-11         Orc: D:9-12

Altars:
Ashenzari
Cheibriados
Dithmenos
Elyvilon
Fedhas
Gozag
Hepliaklqana
Kikubaaqudgha
Makhleb
Nemelex Xobeh
Okawaru
Qazlal
Ru
Sif Muna
Trog
Uskayaw
Vehumet
Wu Jian
Xom
Yredelemnul
Zin
The Shining One

Shops:
D:2 *   D:4 (

Annotations:
D:8 exclusion: statue
D:9 1 runed translucent door, lunkers's ghost, novice DEAE


Innate Abilities, Weirdness & Mutations

You have a pair of horns on your head.
You reflexively headbutt those who attack you in melee.


Message History

Press: ? - help, Dir - move target
As you read the scroll of blinking, it crumbles to dust.
You feel yourself speed up.
You recover from your berserk rage.
You feel much better. The ice dragon breathes frost at you.
The blast of cold hits you!!!
* * * LOW HITPOINT WARNING * * *
The ice dragon completely misses you. You furiously retaliate!
You headbutt the ice dragon. The ice dragon barely misses you.
The ice dragon tramples you but does no damage.
You feel much better.
The ice dragon bites you but does no damage.
The ice dragon claws you but does no damage.
The ice dragon barely misses you.
You hit the ice dragon but do no damage.
Your headbutt misses the ice dragon.
The ice dragon is lightly wounded.
You block the ice dragon's attack.
The ice dragon claws you but does no damage.
You block the ice dragon's attack.
A red film seems to cover your vision as you go berserk!
You feel yourself moving faster!
You feel mighty! Trog will no longer gift you weapons.
The ice dragon breathes frost at you. The blast of cold hits you!!!
* * * LOW HITPOINT WARNING * * *
You barely miss the ice dragon. You slash the ice dragon!
You feel better.
The ice dragon is lightly wounded.
The ice dragon bites you but does no damage.
The ice dragon claws you but does no damage.
The ice dragon tramples you but does no damage.
You slash the ice dragon!
You headbutt the ice dragon, but do no damage.
The ice dragon is lightly wounded.
You slice the ice dragon!!
You feel better.
Your headbutt misses the ice dragon.
The ice dragon is heavily wounded.
The ice dragon breathes frost at you. The blast of cold hits you!!!
You die...

#..######)).
#.## #))## ##.#
#.)# #..# ##..##
##.######....#
######
#..#......##.#
###....#
#....#######..
#...##.#
###..###$...W#..
#.####.####....#
#)≈≈≈≈+.. #.#
#..D.....##
#.....#.. #.#
####@#####
######### ##.#
#.# # #..# #.#
#D## #.# #)# ###
##)# #))# #)§#
#....# #...D..#
#......#


You could see an ice dragon (catching breath).

Vanquished Creatures
  A two-headed ogre (D:8)
  Pikel (D:5)
  Grinder (D:4)
  A troll (D:9)
  Sigmund (D:3)
  A wraith (D:9)
  6 yaks (D:7)
  A steam dragon (D:8)
  Eustachio (D:6)
  Menkaure (D:5)
  Edmund (D:6)
  2 water moccasins
  3 ice beasts
  2 orc warriors
  2 black bears (D:7)
  A necrophage (D:6)
  2 centaurs
  2 ogres
  Blork the orc (D:5)
  2 phantoms
  A kobold brigand (D:9)
  4 bullfrogs
  A wyvern zombie (D:7)
  A scorpion (D:5)
  A water moccasin skeleton (D:4)
  3 killer bees (D:8)
  6 howler monkeys
  A centaur zombie (D:9)
  2 jellies
  A bullfrog skeleton (D:7)
  8 orc priests
  3 hounds
  Crazy Yiuf (D:3)
  3 centaur skeletons
  3 gnoll shamans
  Ijyb (D:3)
  4 iguanas
  7 orc wizards
  A killer bee zombie (D:5)
  A hound skeleton (D:4)
  Robin (D:2)
  17 gnolls
  5 river rats
  9 adders
  2 shadow imps
  4 ufetubi
  3 worms (D:3)
  A dart slug (D:3)
  33 orcs
  7 ball pythons
  4 endoplasms
  3 giant cockroaches (D:4)
  10 goblins (D:2)
  12 hobgoblins
  4 jackals (D:4)
  2 quokkas (D:2)
  A bat (D:2)
  5 frilled lizards
  8 kobolds
  13 rats
230 creatures vanquished.

Notes
Turn   | Place    | Note
-------+----------+-------------------------------------------
     0 | D:1      | Melian the Minotaur Berserker began the quest for the Orb.
     0 | D:1      | Reached XP level 1. HP: 19/19 MP: 0/0
   470 | D:1      | Found a faded altar of an unknown god.
   477 | D:1      | Reached XP level 2. HP: 27/27 MP: 1/1
  1101 | D:2      | Found Qubbiegg's Assorted Antiques.
  1334 | D:2      | Noticed Robin
  1346 | D:2      | Reached XP level 3. HP: 34/34 MP: 2/2
  1356 | D:2      | Killed Robin
  1356 | D:2      | Reached ** piety under Trog
  1734 | D:3      | Reached XP level 4. HP: 41/41 MP: 3/3
  1890 | D:3      | Noticed Sigmund
  1918 | D:3      | Killed Sigmund
  1919 | D:3      | Reached XP level 5. HP: 29/50 MP: 4/4
  2089 | D:3      | Found a hazy altar of Hepliaklqana.
  2153 | D:3      | Found a runed translucent door.
  2154 | D:3      | Noticed Crazy Yiuf
  2245 | D:3      | Reached XP level 6. HP: 45/58 MP: 5/5
  2421 | D:3      | Noticed Ijyb
  2427 | D:3      | Paralysed by Ijyb for 7 turns
  2436 | D:3      | Killed Ijyb
  2801 | D:3      | Killed Crazy Yiuf
  3014 | D:4      | Found Emuarac's Weapon Shop.
  3253 | D:4      | Found a glowing drain.
  3270 | Sewer    | Entered a sewer
  3455 | Sewer    | Reached XP level 7. HP: 66/66 MP: 6/6
  3482 | Sewer    | Reached *** piety under Trog
  3762 | D:4      | Noticed Grinder
  3770 | D:4      | Paralysed by Grinder for 5 turns
  3781 | D:4      | Killed Grinder
  4000 | D:4      | Reached XP level 8. HP: 75/75 MP: 7/7
  4344 | D:5      | Entered Level 5 of the Dungeon
  4460 | D:5      | Identified the +7 morningstar of Ambiguity {drain, rC+}
  4482 | D:5      | Found a hide-covered altar of Uskayaw.
  4611 | D:5      | Noticed Pikel
  4623 | D:5      | Killed Pikel
  4624 | D:5      | Reached skill level 10 in Fighting
  4624 | D:5      | Reached skill level 10 in Axes
  4799 | D:5      | Reached XP level 9. HP: 70/86 MP: 8/8
  4898 | D:5      | Noticed Blork the orc
  4906 | D:5      | Killed Blork the orc
  4969 | D:5      | Found a staircase to the Ecumenical Temple.
  5039 | D:5      | Reached **** piety under Trog
  5387 | D:5      | Found an ornate altar of the Wu Jian Council.
  5439 | D:6      | Noticed Menkaure
  5451 | D:5      | Killed Menkaure
  5814 | D:6      | Noticed Eustachio
  5833 | D:6      | Killed Eustachio
  5926 | D:6      | Noticed Edmund
  5934 | D:6      | Killed Edmund
  6717 | D:7      | Reached XP level 10. HP: 100/100 MP: 9/9
  6852 | D:7      | Identified the +6 chain mail of the Trout {*Slow rN+ Int+7
                  | Dex+3}
  6962 | D:7      | You fall into a shaft and drop 2 floors!
  7476 | D:8      | Found a radiant altar of Vehumet.
  7476 | D:8      | Noticed a two-headed ogre
  7516 | D:8      | Killed a two-headed ogre
  8360 | D:2      | Bought a pair of glowing gloves for 232 gold pieces
  8463 | Temple   | Entered the Ecumenical Temple
  8958 | D:9      | Reached ***** piety under Trog
  8968 | D:9      | Found a runed translucent door.
  8970 | D:9      | Noticed lunkers's ghost (novice DEAE)
  9156 | D:9      | Noticed an ice dragon
  9185 | D:9      | Killed from afar by an ice dragon

Illustrated notes

Levels and vault maps discovered:
D:1:      saegor_arrival_simple_e, layout_basic,
          hellmonk_ecumenical_altar_blasted
D:2:      layout_basic, serial_shops, nicolae_diamond_shop, st_stairs_11,
          grunt_ministairs_12, uniq_robin
D:3:      layout_loops_corners, mainiacjoe_overflow_24_doors, dk_noncrumbling_3,
          uniq_crazy_yiuf_cottage, uniq_sigmund, uniq_ijyb
D:4:      layout_loops_ring, serial_shops, nicolae_shop_advertising_works
          [nicolae_subvault_shop_adworks], portal_sewer_entry_a,
          chequers_serial_rivers_marsh, kennysheep_small_square, uniq_grinder
D:5:      layout_loops_cross, nicolae_wu_jian_immortal_techniques,
          mainiacjoe_overflow_small_starburst, minmay_temple_entry_hall,
          minmay_a_box_with_orc_wizards_in_it, uniq_pikel, uniq_blork_the_orc
D:6:      layout_basic, lemuel_flame_loot_1, uniq_edmund, uniq_eustachio,
          uniq_menkaure
D:7:      layout_cave_pools
D:8:      layout_basic, vehumet_statue
D:9:      dragon1_lemuel, layout_rooms, ebering_ghost_reflecting_pool
Temple:   regret_index_temple_mists

Skill      XL: |  1  2  3  4  5  6  7  8  9 10 |
---------------+-------------------------------+-----
Fighting       | 4 6 7 8 10 12 14 | 14.3
Axes           | 4 6 7 8 10 12 14 | 14.3
Armour         | |  2.4
Dodging        | |  2.1

Action                   |  1- 3 |  4- 6 |  7- 9 | 10-12 || total
-------------------------+-------+-------+-------+-------++-------
Melee: Hand axe          |    61 |    14 |       |       ||    75
       Headbutt          |     8 |    17 |    37 |    24 ||    86
       Punch             |     1 |     1 |     3 |       ||     5
       War axe           |       |    71 |   162 |   151 ||   384
       Morningstar       |       |       |    17 |       ||    17
Invok: Berserk           |     1 |     3 |     7 |     4 ||    15
Evoke: Wand              |       |       |     1 |       ||     1
  Use: Potion            |     1 |     1 |     2 |     2 ||     6
       Scroll            |       |       |    13 |     3 ||    16
Armor: Animal skin       |     1 |       |       |       ||     1
       Scale mail        |    13 |    23 |    19 |       ||    55
       Chain mail        |       |       |    43 |    36 ||    79
       Plate armour      |       |       |       |    33 ||    33
Dodge: Dodged            |    37 |    38 |    87 |    80 ||   242
Block: Buckler           |       |       |     2 |    23 ||    25

Table legend: (Time is in decaauts)
 A = Elapsed time spent in this place.
 B = Non-inter-level travel time spent in this place.
 C = Inter-level travel time spent in this place.
 D = Time resting spent in this place.
 E = Time spent auto-exploring this place.
 F = Levels seen in this place.
 G = Mean time per level.
                   A        B        C        D        E       F      G
               +--------+--------+--------+--------+--------+-----+--------+
         Total |   9430 |   8876 |    554 |      0 |   6388 |  11 |  857.3 |
       Dungeon |   8671 |   8139 |    532 |      0 |   6005 |   9 |  963.4 |
        Temple |    229 |    207 |     22 |      0 |    188 |   1 |  229.0 |
         Sewer |    530 |    530 |      0 |      0 |    195 |   1 |  530.0 |
               +--------+--------+--------+--------+--------+-----+--------+

Top non-repeatable levels by time:
     D:3: 1544 daAuts
     D:5: 1408 daAuts
     D:6: 1055 daAuts
     D:8: 979 daAuts
     D:4: 932 daAuts
     D:1: 888 daAuts
     D:2: 709 daAuts
     D:7: 638 daAuts
   Sewer: 530 daAuts
     D:9: 515 daAuts
  Temple: 229 daAuts
